 Dungeon Crawl Stone Soup version 0.31-a0-1522-g43313d8a59 (webtiles) character file.

Game seed: 482285932779538166

175 voltaire321 the Sneak (level 5, 0/30 HPs)
             Began as a Kobold Earth Elementalist on Dec 31, 2023.
             Slain by a gnoll bouda
             ... wielding a +0 whip
              (4 damage)
             ... on level 2 of the Dungeon.
             The game lasted 00:07:28 (3063 turns).

voltaire321 the Sneak (Kobold Earth Elementalist)   Turns: 3063, Time: 00:07:29

Health: 0/30       AC: 10    Str:  7    XL:     5   Next: 85%
Magic:  7/9        EV: 19    Int: 17    God:
Gold:   105        SH:  0    Dex: 15    Spells: 2/9 levels left

rFire   . . .        m - +1 mace (protect)
rCold   . . .        (no shield)
rNeg    . . .        k - +0 leather armour
rPois   .            (no helmet)
rElec   .            (no cloak)
rCorr   .            (no gloves)
SInv    .            (no boots)
Will    .....        (no amulet)
Stlth   +++          c - +5 ring of evasion
HPRegen 0.25/turn    j - ring of wizardry
MPRegen 0.11/turn

%: wizardry (x1)
@: weakened, under a protective aura
A: small, no large weapons, nightstalker 3
a: no special abilities


You were on level 2 of the Dungeon.
You visited 1 branch of the dungeon, and saw 3 of its levels.

You collected 105 gold pieces.

Inventory:

Hand Weapons
 i - a +0 short sword
 m - a +1 mace of protection (weapon)
Armour
 a - a +0 robe
 f - a +2 helmet
 k - a +0 leather armour (worn)
Jewellery
 c - a +5 ring of evasion (left hand)
 j - a ring of wizardry (right hand)
Wands
 t - a wand of digging (7)
Scrolls
 e - a scroll of fear {unknown}
 g - a scroll of teleportation {unknown}
 n - a scroll of identify {unknown}
 p - a scroll of enchant weapon {unknown}
 q - a scroll of fog {unknown}
 s - a scroll of enchant armour {unknown}
 w - a scroll of noise {unknown}
Potions
 b - a potion of magic
 d - a potion of attraction {unknown}
 h - a potion of curing
 l - a potion of mutation {unknown}
 o - a potion of haste {unknown}
 r - a potion of invisibility {unknown}
 u - a potion of enlightenment {unknown}
 v - a potion of brilliance {unknown}


   Skills:
 + Level 1.7 Fighting
 - Level 1.0 Short Blades
 + Level 1.3 Armour
 + Level 3.3 Dodging
 + Level 3.7 Stealth
 + Level 2.7 Spellcasting
 + Level 0.8 Conjurations
 + Level 3.4 Earth Magic
 + Level 2.0 Alchemy


You had 2 spell levels left.
You knew the following spells:

 Your Spells              Type           Power      Damage    Failure   Level
a - Sandblast             Erth           28%        2d8       2%          1
b - Passwall              Erth           14%        N/A       8%          3
c - Stone Arrow           Conj/Erth      18%        3d8       13%         3

Your spell library contained the following spells:

 Spells                   Type           Power      Damage    Failure   Level
 Sting                    Conj/Alch      28%        1d4       6%          1
 Apportation              Tloc           4%         N/A       11%         1
 Necrotise                Necr           8%         1d4       11%         1
 Summon Small Mammal      Summ           8%         N/A       11%         1
 Mercury Vapours          Alch/Air       10%        N/A       11%         2
 Mephitic Cloud           Conj/Alch/Air  5%         N/A       21%         3
 Petrify                  Alch/Erth      11%        N/A       32%         4
 Brom's Barrelling Bould  Conj/Erth      9%         2d3       38%         4
 Cause Fear               Hex            1%         N/A       67%         4
 Fireball                 Conj/Fire      1%         3d3       91%         5
 Freezing Cloud           Conj/Ice/Air   1%         6-21      92%         5
 Conjure Ball Lightning   Conj/Air       1%         3x3d6     100%        6
 Discord                  Hex            1%         N/A       100%        8
 Disjunction              Tloc           1%         N/A       100%        8
 Dragon's Call            Summ           1%         N/A       100%        9


Dungeon Overview and Level Annotations

Branches:
Dungeon (3/15)

Altars:
Cheibriados

Shops:
D:2 (


Innate Abilities, Weirdness & Mutations

You are small and have problems with some larger weapons.
You are completely attuned to the shadows.


Message History

The gnoll bouda is severely wounded.
The gnoll bouda gazes fiercely through you!
You feel as though you will be weak longer.
The gnoll bouda misses you.
You closely miss the gnoll bouda.
The gnoll bouda is severely wounded.
The gnoll bouda gazes fiercely through you!
You feel as though you will be weak longer.
The gnoll bouda closely misses you.
You barely miss the gnoll bouda.
The gnoll bouda is heavily wounded.
The gnoll bouda hits you with a +0 whip!
* * * LOW HITPOINT WARNING * * *
The gnoll bouda gazes fiercely through you!
You feel as though you will be weak longer.
The gnoll bouda closely misses you.
You hit the gnoll bouda.
Your weapon exudes an aura of protection.
The gnoll bouda is severely wounded.
The gnoll bouda completely misses you.
It was a potion of curing.
You feel better.
The gnoll bouda hits you but does no damage.
Aiming: Sandblast (safe; 2% risk of failure)
Press: ? - help, Q - select action Shift-Dir - straight line, f/p - gnoll bouda
Aim: a gnoll bouda, wielding a +0 whip and wearing a +0 robe (severely wounded, 84% to hit)
The blast of sand hits the gnoll bouda but does no damage.
The gnoll bouda is severely wounded.
The gnoll bouda completely misses you.
The gnoll bouda hits you with a +0 whip!
* * * LOW HITPOINT WARNING * * *
You hit the gnoll bouda but do no damage.
Your weapon exudes an aura of protection.
The gnoll bouda is severely wounded.
The gnoll bouda closely misses you.
You hit the gnoll bouda but do no damage.
The gnoll bouda is severely wounded.
The gnoll bouda gazes fiercely through you!
You feel as though you will be weak longer.
The gnoll bouda hits you with a +0 whip.
You die...

.#.#....#...##.# #.####.#
...#....#...##.# ###......#
.###....#...##.# #.......##
...#....#...##.# #.#####.#
.#.#....#...##.###.# #.#
.#.#....#..........#####.#
.#.#.....................#####
.#.#....##.........####......#
...#....+.......@#.......###.#
####....######.#g######..# #.#
.......###...#.#.#### #..###.#
####.#.# #.#.#.#....# #....#.#
.....#.# #.#.#.###.## ##.#.#.#
.#..##.# #.#.#.# #.# #.#.#.#
.......###.#.#.# #.# #.#.#.#
...........#.#.# #.#####.#.#.#
..#.########'#'###.......#.#.#


You could see a gnoll bouda.

Vanquished Creatures
  An iguana (D:3)
  6 adders
  2 gnolls (D:3)
  3 dart slugs
  2 ribbon worms (D:3)
  An orc (D:2)
  3 bats
  5 endoplasms
  4 giant cockroaches
  7 goblins
  5 hobgoblins
  3 kobolds
  6 quokkas
  7 ball pythons
  3 frilled lizards
  6 rats
64 creatures vanquished.

Notes
Turn   | Place    | Note
-------+----------+-------------------------------------------
     0 | D:1      | voltaire321 the Kobold Earth Elementalist began the quest
                  | for the Orb.
     0 | D:1      | Reached XP level 1. HP: 10/10 MP: 3/3
     3 | D:1      | Found a transporter.
    94 | D:1      | Reached XP level 2. HP: 12/15 MP: 1/5
   505 | D:1      | Reached XP level 3. HP: 20/20 MP: 4/6
  1122 | D:2      | Reached skill level 1 in Fighting
  1122 | D:2      | Reached skill level 1 in Short Blades
  1122 | D:2      | Reached XP level 4. HP: 25/25 MP: 5/7
  1327 | D:2      | Learned a level 3 spell: Passwall
  1331 | D:2      | Learned a level 3 spell: Stone Arrow
  1343 | D:2      | Found Myump's Weapon Boutique.
  1869 | D:3      | Reached skill level 1 in Armour
  2308 | D:3      | Reached XP level 5. HP: 29/29 MP: 6/8
  2905 | D:3      | Found a snail-covered altar of Cheibriados.
  2931 | D:3      | Noticed a golden eye
  2932 | D:3      | Noticed a great orb of eyes
  2941 | D:3      | Noticed an eye of devastation
  2951 | D:3      | Found a faded altar of an unknown god.
  2951 | D:3      | Noticed a great orb of eyes
  3063 | D:2      | Slain by a gnoll bouda

Illustrated notes

Levels and vault maps discovered:
D:1:      spicycebolla_arrival_transporter_tutorial, layout_rooms
D:2:      layout_basic, serial_shops, nicolae_shop_bloodbath_and_beyond,
          kennysheep_generic_room_9
D:3:      layout_basic, cheibriados_altar_1, marbit_many_paths,
          hellmonk_ecumenical_altar_watching_god, roderic_lattice_a,
          minmay_fractal_squares_gapless_5

Skill      XL: |  1  2  3  4  5 |
---------------+----------------+-----
Stealth        | 3 |  3.7
Fighting       | 1 |  1.7
Short Blades   | 1 |  1.0
Dodging        | 3 |  3.3
Armour         | 1 |  1.3
Alchemy        | 2 |  2.0
Spellcasting   | |  2.7
Conjurations   | |  0.8
Earth Magic    | |  3.4

Action                     |  1- 3 |  4- 6 || total
---------------------------+-------+-------++-------
  Melee: Dagger            |    24 |       ||    24
         Unarmed           |     4 |       ||     4
         Short sword       |    24 |       ||    24
         Mace              |    18 |    53 ||    71
   Cast: Sandblast         |    19 |    49 ||    68
    Use: Potion            |       |     1 ||     1
   Stab: Distracted        |     1 |       ||     1
         Sleeping          |    12 |       ||    12
 Armour: Robe              |    13 |       ||    13
         Leather armour    |     5 |    30 ||    35
  Dodge: Dodged            |    66 |    63 ||   129

Table legend: (Time is in decaauts)
 A = Elapsed time spent in this place.
 B = Non-inter-level travel time spent in this place.
 C = Inter-level travel time spent in this place.
 D = Time resting spent in this place.
 E = Time spent auto-exploring this place.
 F = Levels seen in this place.
 G = Mean time per level.
                   A        B        C        D        E       F      G
               +--------+--------+--------+--------+--------+-----+--------+
         Total |   3122 |   3069 |     53 |    342 |   2151 |   3 | 1040.7 |
       Dungeon |   3122 |   3069 |     53 |    342 |   2151 |   3 | 1040.7 |
               +--------+--------+--------+--------+--------+-----+--------+

Top non-repeatable levels by time:
     D:2: 1277 daAuts
     D:3: 1234 daAuts
     D:1: 611 daAuts
